 Dungeon Crawl Stone Soup version 0.18-a0-1084-g259f6cf (console) character file.

261 FIQ the Skirmisher (level 5, -3/42 HPs)
             Began as a Mummy Fighter on Jan 15, 2016.
             Slain by an iguana (8 damage)
             ... on level 3 of the Dungeon.
             The game lasted 00:03:47 (2710 turns).

FIQ the Skirmisher (Mummy Fighter)                  Turns: 2710, Time: 00:03:47

Health: -3/42      AC:  6    Str: 19    XL:     5   Next: 96%
Magic:  5/5        EV:  7    Int:  7    God:
Gold:   145        SH:  9    Dex: 13    Spells: 0 memorised, 4 levels left

rFire  x . .     SeeInvis .     a - +0 flail
rCold  + . .     Gourm    .     b - +0 scale mail
rNeg   + + +     Faith    .     c - +0 shield
rPois  ∞         Spirit   .     (no helmet)
rElec  .         Dismiss  .     (no cloak)
rCorr  .         Reflect  .     (no gloves)
SustAt .         Harm     .     (no boots)
MR     .....                    (no amulet)
Stlth  ..........               (no ring)
                                (no ring)

@: not resistant to hostile enchantments, extremely unstealthy
A: no food or potions, fire vulnerability, cold resistance 1, negative energy
resistance 3, torment resistance, unbreathing
a: no special abilities


You were on level 3 of the Dungeon.
You were not hungry.

You visited 1 branch of the dungeon, and saw 4 of its levels.

You collected 145 gold pieces.

Inventory:

Hand Weapons
 a - a +0 flail (weapon)
Armour
 b - a +0 scale mail (worn)
 c - a +0 shield (worn)
Wands
 i - a wand of magic darts (6/48)
Scrolls
 d - 2 scrolls of recharging {unknown}
 e - a scroll of enchant weapon {unknown}
 f - a scroll of identify {unknown}
 j - a scroll of amnesia {unknown}
 k - 2 scrolls of teleportation {unknown}
Books
 g - a book of Alchemy

   Spells                             Type                      Level
   a - Sublimation of Blood           Necromancy                   2
   b - Ignite Poison                  Fire/Transmutation/Poison    3
   c - Condensation Shield            Ice                          4
   d - Petrify                        Transmutation/Earth          4
   e - Alistair's Intoxication        Transmutation/Poison         5
   f - Irradiate                      Conjuration/Transmutation    5
 h - a book of Party Tricks

   Spells                             Type                      Level
   a - Summon Butterflies             Summoning                    1
   b - Apportation                    Translocation                1
   c - Tukima's Dance                 Hexes                        3
   d - Alistair's Intoxication        Transmutation/Poison         5
   e - Invisibility                   Hexes                        6


   Skills:
 + Level 3.8 Fighting
 * Level 3.4 Maces & Flails
 + Level 3.1 Armour
 + Level 3.5 Shields


You had 4 spell levels left.
You didn't know any spells.

Dungeon Overview and Level Annotations

Branches:
Dungeon (4/15)
 Temple: D:4-7

Altars:
Elyvilon
Kikubaaqudgha
Nemelex Xobeh
Okawaru
Ru


Innate Abilities, Weirdness & Mutations

You do not eat or drink.
Your flesh is vulnerable to fire.
You are immune to poison.
Your flesh is cold resistant.
You are immune to negative energy.
You are immune to unholy pain and torment.
You can survive without breathing.


Message History

You closely miss the iguana.
The iguana is moderately wounded.
The iguana bites you!
* * * LOW HITPOINT WARNING * * *
You block the iguana's attack.
You are too injured to fight recklessly!
You are too injured to fight recklessly!
You closely miss the iguana.
The iguana is moderately wounded.
You block the iguana's attack.
There is a stone staircase leading up here.
You block the iguana's attack.
You climb upwards.
There is a stone staircase leading down here.
Your scale mail prevents you from hitting the iguana.
The iguana is moderately wounded.
The iguana bites you.
* * * LOW HITPOINT WARNING * * *
The iguana bites you!
You die...

########### ####################
..........####...................
#.######.....#..#)..#...#...#...#
#(##>#....<..#_..................
#.#...>#....!#..#[..#...#...#..)#
%#.........###...................
.##....##.#.#####################
.......##......# #.............##
..###..##......###...#########...
..# #..........l@....<#### #.##
..###.....#.######.......# #.#
.......>.....#####.....#.#####.#
...........#...%......##....##.##
.÷#.#..#.#.........(...#)##.##..#
...###(...|....###....##...###..#
..#†#..............#...#....##..#
..##.###.......#.......#....##..#
......##..#.#.##.#.#...#....##..#
#.........#..#.#[#.#.###...###..#
.......##.#.###..#.....#..#..#..#


You could see an iguana.

Vanquished Creatures
  The ghost of P0WERM0DE the Sneak, an amateur OpAs of Gozag (D:3)
  A crimson imp (D:3)
  3 gnolls (D:3)
  7 adders
  An ooze (D:1)
  A worm (D:2)
  2 giant geckos
  An orc (D:3)
  A giant cockroach (D:3)
  6 goblins
  5 hobgoblins
  2 jackals (D:3)
  A quokka (D:3)
  9 bats
  4 giant newts
  6 kobolds
  7 rats
58 creatures vanquished.

Vanquished Creatures (others)
  2 fungi (D:3)
2 creatures vanquished.

Grand Total: 60 creatures vanquished

Notes
Turn   | Place    | Note
--------------------------------------------------------------
     0 | D:1      | FIQ the Mummy Fighter began the quest for the Orb.
     0 | D:1      | Reached XP level 1. HP: 18/18 MP: 1/1
   116 | D:1      | Reached XP level 2. HP: 24/24 MP: 2/2
   896 | D:2      | Reached XP level 3. HP: 9/29 MP: 3/3
  1202 | D:2      | Found an ancient bone altar of Kikubaaqudgha.
  1317 | D:2      | Found a white marble altar of Elyvilon.
  1468 | D:2      | Found a faded altar to an unknown god.
  1840 | D:3      | Reached XP level 4. HP: 33/35 MP: 4/4
  2005 | D:3      | Found an iron altar of Okawaru.
  2027 | D:3      | Noticed P0WERM0DE's ghost (amateur OpAs)
  2037 | D:3      | Killed P0WERM0DE's ghost
  2037 | D:3      | Reached XP level 5. HP: 20/42 MP: 5/5
  2479 | D:3      | Found a sacrificial altar of Ru.
  2580 | D:3      | Found a sparkling altar of Nemelex Xobeh.
  2710 | D:3      | Slain by an iguana

Vault maps used:
D:1:      sevenhm_arrival_forest_fort_small_5, hangedman_decor_points
D:2:      wad_river_or_something, elyvilon_altar_3,
          nicolae_overflow_hidden_temple, ecumenical_altar_1,
          serial_bayou_ford_a
D:3:      nicolae_ru_the_path_less_chosen, lemuel_coloured_pillars_altar,
          lemuel_crystal_altar, serial_glass, glass_columns_a, glass_columns_b,
          minmay_misc_feat_rugged, minivault_23
D:4:      grunt_pakellas_mercury, zin_purify, first_bread, serial_shops, shop,
          uniq_eustachio, uniq_pikel

Action                   |  1- 3 |  4- 6 || total
-------------------------+-------+-------++-------
Melee: Flail             |   135 |   143 ||   278
Evoke: Wand              |       |     4 ||     4
